 Dungeon Crawl Stone Soup version 0.25-a0-294-gea9b1ad378 (webtiles) character file.

Game seed: 12226624975800213930, levelgen mode: deterministic

77427 Shadow153 the Tortoise (level 15, 0/144 HPs)
             Began as a Minotaur Fighter on Dec 18, 2019.
             Was the Champion of Dithmenos.
             Slain by a +0 scimitar of draining (3 damage)
             ... on level 2 of the Elven Halls.
             The game lasted 02:58:16 (21403 turns).

Shadow153 the Tortoise (Minotaur Fighter)          Turns: 21403, Time: 02:58:17

Health: 0/144      AC: 21    Str: 26    XL:     15   Next: 15%
Magic:  14/14      EV: 13    Int:  5    God:    Dithmenos [******]
Gold:   1599       SH:  0    Dex: 11    Spells: 14/14 levels left

rFire    . . .     SeeInvis .   D - +1 spear (flame)
rCold    . . .     Gourm    .   c - +0 shield
rNeg     . . .     Faith    .   B - +0 plate armour
rPois    .         Spirit   .   (helmet restricted)
rElec    .         Reflect  .   (no cloak)
rCorr    .         Harm     .   O - +0 pair of gloves
MR       +....                  Z - +1 pair of boots {Fly}
Stlth    ..........             H - amulet of the acrobat
HPRegen  0.34/turn              g - +6 ring of evasion
MPRegen  0.14/turn              K - +5 ring of slaying

@: confused, slowed, wreathed by umbra, heavily drained, very slow
A: retaliatory headbutt, horns 2
a: Shadow Step, Shadow Form, Renounce Religion, Evoke Flight


You were on level 2 of the Elven Halls.
You worshipped Dithmenos.
Dithmenos was exalted by your worship.
You were not hungry.

You visited 4 branches of the dungeon, and saw 20 of its levels.
You visited the Abyss 1 time.
You visited 1 bazaar.

You collected 1729 gold pieces.
You spent 130 gold pieces at shops.

Inventory:

Hand Weapons
 D - a +1 spear of flaming (weapon)
 J - a +5 vampiric halberd
 V - the +5 scythe "Finisher" {speed, eviscerate}
   (You found it on level 12 of the Dungeon)

   Attacks with this weapon are significantly faster.
 X - a +0 war axe
Missiles
 M - 2 throwing nets (quivered)
Armour
 c - a +0 shield (worn)
 h - a +1 chain mail of cold resistance
 B - a +0 plate armour (worn)
 O - a +0 pair of gloves (worn)
 Z - a +1 pair of boots of flying (worn)
Jewellery
 g - a +6 ring of evasion (left hand)
 k - a cursed ring of attention {unknown}
 F - an uncursed ring of resist corrosion
 G - an uncursed ring of positive energy
 H - an amulet of the acrobat (around neck)
 K - a +5 ring of slaying (right hand)
 P - an uncursed ring of ice
 W - an uncursed ring of fire
 Y - an uncursed ring of positive energy
Wands
 r - a wand of polymorph (16)
 L - a wand of iceblast (2)
 T - a wand of acid (17)
Scrolls
 b - 3 scrolls of blinking
 e - 2 scrolls of identify
 l - a scroll of amnesia
 m - 6 scrolls of teleportation
 n - 2 scrolls of remove curse
 o - 3 scrolls of enchant armour
 t - 2 scrolls of acquirement
 w - 9 scrolls of fear
 y - a scroll of brand weapon {unknown}
 z - 3 scrolls of torment
 C - a scroll of fog {unknown}
 E - 2 scrolls of magic mapping
 R - a scroll of enchant weapon
Potions
 a - 5 potions of curing
 d - 7 potions of might
 i - a potion of magic
 j - a potion of mutation
 p - 5 potions of ambrosia
 q - 3 potions of haste
 u - 3 potions of invisibility
 v - a potion of berserk rage
 A - 3 potions of cancellation
 N - a potion of flight
 Q - 2 potions of lignification
 S - a potion of brilliance
 U - a potion of agility {unknown}
Comestibles
 f - 29 rations


   Skills:
 + Level 16.3(13.9) Fighting
 * Level 10.0(10.2) Axes
 - Level 12.0(11.1) Polearms
 + Level 17.2(14.8) Armour
 - Level 15.0(12.7) Shields


You had 14 spell levels left.
You didn't know any spells.
Your spell library contained the following spells:

 Spells                   Type           Power        Failure   Level  Hunger
 Animate Skeleton         Necr           N/A          99%         1    ##.....
 Apportation              Tloc           #.....       99%         1    ##.....
 Confusing Touch          Hex            #.....       99%         1    ##.....
 Infusion                 Chrm           #...         99%         1    ##.....
 Summon Small Mammal      Summ           #...         99%         1    ##.....
 Shroud of Golubria       Chrm/Tloc      #.....       100%        2    ###....
 Song of Slaying          Chrm           #.......     100%        2    ###....
 Recall                   Summ/Tloc      N/A          100%        3    ####...
 Regeneration             Chrm/Necr      #.........   100%        3    ####...
 Spectral Weapon          Hex/Chrm       #.......     100%        3    ####...
 Animate Dead             Necr           N/A          100%        4    #####..
 Borgnjor's Vile Clutch   Necr/Erth      #.........   100%        5    ######.
 Death Channel            Necr           #.........   100%        6    #######
 Simulacrum               Ice/Necr       #.........   100%        6    #######


Dungeon Overview and Level Annotations

Branches:
Dungeon (15/15)            Temple (1/1) D:7            Lair (0/6) D:8
    Orc (2/2) D:9             Elf (2/3) Orc:2        Vaults (0/5) D:13
 Depths (0/5) D:15

Altars:
Ashenzari
Cheibriados
Dithmenos
Elyvilon
Fedhas
Gozag
Hepliaklqana
Kikubaaqudgha
Makhleb
Nemelex Xobeh
Okawaru
Qazlal
Ru
Sif Muna
Trog
Uskayaw
Vehumet
Wu Jian
Xom
Yredelemnul
Zin
The Shining One

Shops:
D:5 ?   D:6 *   D:8 ([%%[   D:9 [[%[   Orc:2 !:[?   Elf:1 }(

Annotations:
D:10 exclusion: oklob plant


Innate Abilities, Weirdness & Mutations

You reflexively headbutt those who attack you in melee.
You have a pair of horns on your head.


Message History

* * * LOW HITPOINT WARNING * * *
The +0 scimitar of draining hits you but does no damage.
You feel drained. The +7 dagger hits you.
* * * LOW HITPOINT WARNING * * *
The +0 scimitar of draining hits you!
* * * LOW HITPOINT WARNING * * *
You feel drained.
* * * LOW HITPOINT WARNING * * *
The deep elf mage gestures wildly while chanting.
The deep elf mage blinks!
The deep elf archer gestures at you while chanting.
You are confused.
The +7 dagger hits you.
* * * LOW HITPOINT WARNING * * *
Your plate armour prevents you from hitting the deep elf archer.
The deep elf archer is almost dead.
The +0 scimitar of draining hits you!
* * * LOW HITPOINT WARNING * * *
You feel drained.
You die...

.........)).........
...>....((<(...e....
#########().#####'##
....(....(.......
............e....
........(........
.........(.......
.......e(........
.......@(........
........ยง........
..............e..
.................
.................
.......#.....#[..
..........#.....
.....[. .......
....... #...#..


You could see 2 deep elf archers, a deep elf mage and 2 dancing weapons.

Vanquished Creatures
  A deep elf sorcerer (Elf:1)
  A deep elf elementalist (Elf:1)
  A deep elf annihilator (Elf:1)
  Erolcha (D:10)
  5 hydras
  8 vault guards (D:13)
  Erica (D:11)
  A centaur warrior (D:15)
  5 two-headed ogres
  5 dancing weapons
  2 tengu warriors (D:15)
  2 death knights
  5 orc high priests
  3 deep elf knights (Elf:1)
  6 skeletal warriors
  3 unseen horrors
  2 deep elf archers (Elf:1)
  A necromancer (D:15)
  A phantasmal warrior (D:15)
  A wizard (Elf:1)
  8 ugly things
  6 orc knights
  A worldbinder (Orc:2)
  28 deep elf magi
  2 orc sorcerers
  4 cyclopes
  An iron dragon skeleton (D:15)
  3 centaur zombies
  A stone giant skeleton (D:15)
  A spriggan zombie (D:15)
  A freezing wraith (D:13)
  A komodo dragon (D:10)
  A kobold demonologist (Elf:1)
  An efreet (D:13)
  A hornet (D:8)
  6 trolls
  An ice dragon zombie (D:15)
  A meliai zombie (D:13)
  4 slime creatures (D:13)
  Prince Ribbit (D:6)
  A hippogriff (D:12)
  2 air elementals
  A centaur simulacrum (D:15)
  2 wyverns (D:10)
  9 wraiths
  11 yaks
  5 hungry ghosts
  2 water elementals
  A fire elemental (Elf:2)
  11 vampire mosquitoes
  Menkaure (D:5)
  3 acid dragons
  4 sky beasts
  2 ice beasts (D:10)
  28 orc warriors
  A black bear (D:13)
  9 ogres
  A necrophage (D:10)
  4 phantoms
  A small abomination (Abyss:2)
  A boggart (Elf:1)
  11 centaurs
  2 crocodiles
  A big kobold (D:7)
  9 bullfrogs
  2 scorpions
  7 killer bees
  5 wights
  A howler monkey (D:10)
  4 electric eels (D:13)
  14 crimson imps
  A quasit (D:6)
  3 bullfrog zombies
  A jelly (D:6)
  28 orc priests
  7 hounds
  4 bullfrog skeletons
  7 centaur skeletons
  5 iguanas
  16 orc wizards
  17 worker ants
  A hound skeleton (D:7)
  16 gnolls
  A howler monkey skeleton (D:8)
  12 adders
  4 shadow imps
  2 oozes
  3 worms
  A dart slug (D:4)
  3 leopard geckos
  91 orcs
  2 bat zombies (D:1)
  3 giant cockroaches
  6 goblins
  9 hobgoblins
  11 jackals
  3 quokkas
  A ball python (D:4)
  7 bats
  A frilled lizard (D:1)
  9 kobolds
  A leopard gecko zombie (D:8)
  A quokka skeleton (D:4)
  5 rats
566 creatures vanquished.

Vanquished Creatures (others)
  A deep elf knight (Elf:2)
  2 deep elf magi (Elf:2)
  5 withered plants (D:15)
8 creatures vanquished.

Grand Total: 574 creatures vanquished

Notes
Turn   | Place    | Note
-------+----------+-------------------------------------------
     0 | D:1      | Shadow153 the Minotaur Fighter began the quest for the Orb.
     0 | D:1      | Reached XP level 1. HP: 19/19 MP: 0/0
   201 | D:1      | Reached skill level 4 in Armour
   282 | D:1      | Reached XP level 2. HP: 27/27 MP: 1/1
   303 | D:1      | Found a shattered altar of Ashenzari.
  1265 | D:2      | Noticed a crimson imp
  1266 | D:2      | Reached XP level 3. HP: 33/33 MP: 2/2
  1424 | D:3      | Reached XP level 4. HP: 40/40 MP: 3/3
  1592 | D:3      | Reached XP level 5. HP: 44/46 MP: 4/4
  1832 | D:3      | Found a glowing golden altar of the Shining One.
  1972 | D:4      | Reached skill level 5 in Polearms
  2080 | D:4      | Found an iron altar of Okawaru.
  2134 | D:4      | Reached XP level 6. HP: 31/53 MP: 5/5
  2592 | D:4      | Reached skill level 5 in Armour
  2750 | D:5      | Entered Level 5 of the Dungeon
  3008 | D:5      | Reached XP level 7. HP: 51/60 MP: 6/6
  3215 | D:5      | Noticed Menkaure
  3236 | D:5      | Killed Menkaure
  3236 | D:5      | Reached skill level 5 in Shields
  3531 | D:5      | Found Ankimimp's Magic Scroll Boutique.
  3823 | D:6      | Found Plog's General Store.
  3826 | D:6      | Bought a scroll of identify for 22 gold pieces
  3826 | D:6      | Bought a potion of curing for 33 gold pieces
  3853 | D:6      | Reached skill level 5 in Fighting
  4045 | D:6      | Reached XP level 8. HP: 46/68 MP: 7/7
  4131 | D:6      | Reached skill level 6 in Armour
  4539 | D:6      | Found an ornate altar of the Wu Jian Council.
  4593 | D:6      | Noticed Prince Ribbit
  4624 | D:6      | Reached skill level 10 in Polearms
  4631 | D:6      | Killed Prince Ribbit
  4931 | D:7      | Reached skill level 7 in Armour
  4950 | D:7      | Reached XP level 9. HP: 56/75 MP: 8/8
  5436 | D:7      | Found a glowing silver altar of Zin.
  5476 | D:7      | Found a staircase to the Ecumenical Temple.
  5488 | Temple   | Entered the Ecumenical Temple
  5622 | Temple   | Became a worshipper of Dithmenos the Shadowed
  5685 | D:7      | Found a sacrificial altar of Ru.
  5975 | D:8      | Noticed a two-headed ogre
  5995 | D:8      | Found a hazy altar of Hepliaklqana.
  6098 | D:7      | Reached * piety under Dithmenos
  6180 | D:8      | Found Wuxzoiti's Food Boutique.
  6209 | D:8      | Found Lozauboo's Armour Shop.
  6353 | D:8      | Reached skill level 8 in Armour
  6389 | D:8      | Found Zibiyd's Antique Weapon Emporium.
  6390 | D:8      | Found Dyaneneu's Armour Shop.
  6420 | D:8      | Found a staircase to the Lair.
  6436 | D:7      | Killed a two-headed ogre
  6436 | D:7      | Reached XP level 10. HP: 51/86 MP: 9/9
  6694 | D:8      | Found Otobrexo's Food Boutique.
  6913 | D:9      | Found Dergh's Armour Shop.
  6951 | D:9      | Found Xoiq's Antique Armour Shoppe.
  6981 | D:9      | Found a hide-covered altar of Uskayaw.
  7094 | D:9      | Found Zirphus's Armour Shop.
  7208 | D:9      | Found Vazxo's Food Shoppe.
  7238 | D:9      | Found a staircase to the Orcish Mines.
  7350 | D:10     | Entered Level 10 of the Dungeon
  7359 | D:10     | Reached skill level 9 in Armour
  7488 | D:10     | Reached ** piety under Dithmenos
  7539 | D:10     | Reached skill level 10 in Shields
  7926 | D:10     | Noticed Erolcha
  7954 | D:10     | Paralysed by Erolcha for 4 turns
  8103 | D:10     | Killed Erolcha
  8103 | D:10     | Reached skill level 10 in Armour
  8114 | D:10     | Noticed a two-headed ogre
  8139 | D:10     | Killed a two-headed ogre
  8139 | D:10     | Reached XP level 11. HP: 81/97 MP: 10/10
  8474 | D:10     | Found a blossoming altar of Fedhas.
  8498 | D:10     | Noticed an oklob plant
  8657 | D:11     | Noticed a purple ugly thing
  8662 | D:11     | Noticed Erica
  8698 | D:10     | Killed a purple ugly thing
  8827 | D:11     | Found a flickering gateway to a bazaar.
  8837 | Bazaar   | Entered a bazaar
  8838 | Bazaar   | Found Beuwk's Weapon Boutique.
  8838 | Bazaar   | Found Qeceid's Armour Shop.
  8839 | Bazaar   | Found Xiuloiwk's Antique Weapon Emporium.
  8870 | Bazaar   | Found Neapaatwusu's General Store.
  8880 | Bazaar   | Identified 2 scrolls of acquirement
  8897 | Bazaar   | Bought a scroll of blinking for 75 gold pieces
  9205 | D:11     | Found an opulent altar of Gozag.
  9328 | D:11     | Killed an unseen horror
  9328 | D:11     | Reached skill level 10 in Fighting
  9328 | D:11     | Reached skill level 11 in Armour
  9493 | D:11     | Reached *** piety under Dithmenos
  9633 | D:11     | Killed Erica
 10083 | D:12     | Found the +5 scythe "Finisher" {speed, eviscerate}
 10124 | D:12     | Noticed an eight-headed hydra
 10156 | D:12     | Killed an eight-headed hydra
 10340 | D:12     | Reached skill level 12 in Armour
 10494 | D:12     | Noticed an eight-headed hydra
 10504 | D:12     | Killed an eight-headed hydra
 10504 | D:12     | Reached XP level 12. HP: 105/110 MP: 11/11
 10573 | D:12     | Noticed a four-headed hydra
 10583 | D:12     | Killed a four-headed hydra
 10943 | D:12     | Noticed a death knight
 11231 | D:13     | Found a shimmering altar of Xom.
 11234 | D:13     | Found a shimmering altar of Xom.
 11234 | D:13     | Found a shimmering altar of Xom.
 11234 | D:13     | Found a shimmering altar of Xom.
 11248 | D:13     | Found a shimmering altar of Xom.
 11251 | D:13     | Found a shimmering altar of Xom.
 11251 | D:13     | Found a shimmering altar of Xom.
 11297 | D:13     | Reached **** piety under Dithmenos
 11494 | D:12     | Noticed a death knight
 11535 | D:13     | Found a gate to the Vaults.
 11535 | D:13     | Noticed a vault guard
 11535 | D:13     | Noticed a vault guard
 11535 | D:13     | Noticed a vault guard
 11535 | D:13     | Noticed a vault guard
 11535 | D:13     | Noticed a vault guard
 11535 | D:13     | Noticed a vault guard
 11535 | D:13     | Noticed a vault guard
 11568 | D:13     | Noticed a two-headed ogre
 11574 | D:13     | Noticed a two-headed ogre
 11783 | D:13     | Reached skill level 13 in Armour
 11794 | D:13     | Killed a vault guard
 11794 | D:13     | Reached skill level 1 in Axes
 11817 | D:13     | Killed a vault guard
 11875 | D:13     | Killed a vault guard
 11890 | D:13     | Killed a vault guard
 12151 | D:13     | Killed a vault guard
 12173 | D:13     | Noticed a death knight
 12197 | D:13     | Killed a death knight
 12250 | D:13     | Reached XP level 13. HP: 76/119 MP: 12/12
 12554 | D:13     | Found an iron altar of Okawaru.
 12658 | D:13     | Reached ***** piety under Dithmenos
 12658 | D:13     | Reached skill level 5 in Axes
 12658 | D:13     | Reached skill level 14 in Armour
 13836 | D:15     | Entered Level 15 of the Dungeon
 13904 | D:15     | Found a staircase to the Depths.
 14710 | D:15     | Reached skill level 15 in Shields
 14869 | D:15     | Reached skill level 15 in Armour
 15325 | D:12     | Reached XP level 14. HP: 97/132 MP: 9/13
 15629 | Orc:1    | Entered Level 1 of the Orcish Mines
 15932 | Orc:2    | Entered Level 2 of the Orcish Mines
 16535 | Orc:2    | Reached ****** piety under Dithmenos
 16958 | Orc:2    | Found a staircase to the Elven Halls.
 17265 | Orc:2    | Lost intelligence.
 18324 | Orc:2    | Found Olusuf's Antique Armour Shop.
 18324 | Orc:2    | Found Diawijuo's Magic Scroll Shop.
 18325 | Orc:2    | Found Mymoinu's Distillery.
 18325 | Orc:2    | Found Gisi's Book Boutique.
 18461 | Elf:1    | Entered Level 1 of the Elven Halls
 18473 | Elf:1    | Reached skill level 16 in Armour
 18501 | Orc:2    | Reached skill level 15 in Fighting
 18881 | Elf:1    | Cast into level 2 of the Abyss (a wizard)
 18937 | Abyss:2  | Noticed a bone dragon
 18965 | Elf:1    | Escaped the Abyss
 19408 | Elf:1    | Noticed a deep elf sorcerer
 19420 | Elf:1    | Killed a deep elf sorcerer
 19498 | Elf:1    | Found Symyhoa's Gadget Shoppe.
 19567 | Elf:1    | Found Cuihatar's Antique Weapon Shop.
 20012 | Elf:2    | Noticed a deep elf elementalist
 20014 | Elf:1    | Reached XP level 15. HP: 144/144 MP: 14/14
 20018 | Elf:1    | Reached skill level 17 in Armour
 21065 | Elf:2    | Reached skill level 10 in Axes
 21403 | Elf:2    | HP: 3/144 [+0 scimitar of draining (10)]
 21403 | Elf:2    | Slain by a +0 scimitar of draining

Levels and vault maps discovered:
D:1:      saegor_arrival_fortress, layout_basic, nicolae_ashenzari_panopticon
D:2:      layout_rooms
D:3:      minmay_angry_zag, layout_rooms, lemuel_crystal_altar
D:4:      wander_river, layout_basic, okawaru_ov_weapons_minmay
D:5:      layout_gridville, serial_shops, kennysheep_mini, first_ration,
          uniq_menkaure
D:6:      layout_basic, marbit_many_paths, serial_shops, kennysheep_mini_moat,
          uniq_prince_ribbit1
D:7:      layout_rooms, lemuel_doored_altar, nicolae_ru_path_of_blood,
          minmay_temple_entry_sparse_star, chequers_garden, grunt_ogre_cave
D:8:      layout_rooms, overflow_temple_1_default, lair_entry_dummy,
          serial_shops, nicolae_shop_temple_entry_statues_fountains,
          nicolae_shop_overgrown_old_shop, nicolae_shop_stone,
          nicolae_shop_window_shopping, shop
D:9:      layout_basic, lemuel_crystal_altar, orc_0_dummy, serial_corexii_hall,
          corexii_hall_statues_i, corexii_hall_statues_x, serial_shops,
          nicolae_shop_trees, shop, shop, shop
D:10:     layout_loops_ring, tgw_fedhas, uniq_erolcha
D:11:     layout_cave_pools, serial_shops, bzr_entry_dummy,
          grunt_gozag_breadcrumbs, uniq_erica
D:12:     layout_basic, minivault_20, st_stairs_8, grunt_ministairs_2,
          minmay_guarded_unrand_finisher
D:13:     layout_basic, erik_vaults_2, basic_altar, nicolae_xom_altar_mimics
D:14:     layout_loops_cross, minmay_misc_feat_roman, kennysheep_generic_room_7
D:15:     gammafunk_depths_entry_grave, layout_loops_ring,
          chequers_decorated_corner
Temple:   nicolae_temple_x_marks_the_god
Orc:1:    nicolae_orc_accident_2, layout_caves
Orc:2:    st_orc_pillars, layout_caves
Elf:1:    elf_arrival_002, layout_loops_cross, serial_shops, shop,
          hangedman_elf_disciples, minmay_shop_grid_forest
Elf:2:    layout_onion_city, serial_shops,
          nicolae_shop_competitors_out_of_business, basic_altar

Skill      XL: |  1  2  3  4  5  6  7  8  9 10 11 12 13 14 15 |
---------------+----------------------------------------------+-----
Armour         | 4 5 7 8 10 12 13 15 16 17 | 17.2
Polearms       | 3 4 5 7 9 10 12 | 12.0
Fighting       | 4 5 7 9 11 12 14 16 | 16.3
Shields        | 4 5 6 8 11 12 14 15 | 15.0
Axes           | 4 7 9 10 | 10.0

Action                   |  1- 3 |  4- 6 |  7- 9 | 10-12 | 13-15 || total
-------------------------+-------+-------+-------+-------+-------++-------
Melee: Trident           |    76 |   136 |       |       |       ||   212
       Headbutt          |     2 |    21 |    60 |   153 |   264 ||   500
       Spear             |       |    37 |   418 |   766 |  1172 ||  2393
 Abil: Stop Flying       |       |       |       |       |     1 ||     1
  Use: Scroll            |       |    12 |     4 |     6 |     2 ||    24
       Potion            |       |       |       |       |     2 ||     2
  Eat: Chunk             |     2 |    24 |     7 |    19 |    12 ||    64
       Ration            |       |       |       |       |     6 ||     6
Armor: Scale mail        |    23 |    46 |    28 |       |       ||    97
       Plate armour      |       |       |    35 |   177 |   195 ||   407
Dodge: Dodged            |    16 |    21 |    66 |   141 |   307 ||   551
Block: Shield            |    29 |    53 |   125 |   231 |   424 ||   862

Table legend:
 A = Non-vault XP
 B = Vault XP
 C = Vault XP percentage of total XP
 D = Non-vault monster count
 E = Vault monster count
 F = Vault count percentage of total count
                 A         B        C        D         E       F
            +---------+---------+-------+---------+---------+-------
      Total |   73375 |   37235 |  33.7 |     455 |     114 |  20.0
            +---------+---------+-------+---------+---------+-------
        D:1 |      23 |       4 |  14.8 |      15 |       2 |  11.8
        D:2 |      67 |       0 |   0.0 |      10 |       0 |   0.0
        D:3 |     106 |      23 |  17.8 |      15 |       6 |  28.6
        D:4 |     287 |       0 |   0.0 |      17 |       0 |   0.0
        D:5 |     537 |     172 |  24.3 |      18 |       1 |   5.3
        D:6 |    1175 |     303 |  20.5 |      25 |       2 |   7.4
        D:7 |    2473 |     118 |   4.6 |      53 |       1 |   1.9
        D:8 |    1099 |       0 |   0.0 |      28 |       0 |   0.0
        D:9 |     627 |       0 |   0.0 |       8 |       0 |   0.0
       D:10 |    4658 |    1042 |  18.3 |      30 |       1 |   3.2
       D:11 |    3635 |     960 |  20.9 |      27 |       1 |   3.6
       D:12 |    7069 |    3426 |  32.6 |      35 |      11 |  23.9
       D:13 |   13073 |    7898 |  37.7 |      52 |       8 |  13.3
       D:14 |    2589 |    1417 |  35.4 |      11 |       3 |  21.4
       D:15 |    9722 |    4427 |  31.3 |      25 |       8 |  24.2
      Orc:1 |    2125 |    2778 |  56.7 |      19 |      10 |  34.5
      Orc:2 |    3030 |    7184 |  70.3 |      30 |      48 |  61.5
      Elf:1 |   18385 |    7483 |  28.9 |      28 |      12 |  30.0
      Elf:2 |    2578 |       0 |   0.0 |       8 |       0 |   0.0
    Abyss:2 |     117 |       0 |   0.0 |       1 |       0 |   0.0
            +---------+---------+-------+---------+---------+-------
